Map: [ESL] Royal Blood

Players

marcj (uThermal) - Winner!

  • Race: Terran Terran
  • League: Master
  • Spawn Location: 7:00

Spirit (souL)

  • Race: Terran Terran
  • League: Master
  • Spawn Location: 1:00

Event: HomeStory Cup XXIII

VOD

Have the link to the VOD?

Description

Time

  • Played on: July 1, 2023, 12:04 p.m.
  • Length: 10:46

All games in this series

Show
View Real Time Build Order
Export as new Build Order

marcj Terran - Winner!

Build Orders: Gas First Reaper Expand, Liberator Opening, Mech 

Get SALT Encoding   

  12  0:00  SCV  
  13  0:12  SCV  
  14  0:17  Supply Depot  
  14  0:24  SCV  
  14  0:27  Refinery  
  15  0:38  SCV  
  16  0:44  Barracks  
  16  0:50  SCV  
  17  1:02  SCV  
  18  1:15  SCV  
  19  1:31  Orbital Command, Reaper  
  20  1:42  Command Center  
  20  1:53  Factory  
  20  1:57  SCV  
  21  2:05  Barracks Reactor  
  21  2:07  Supply Depot  
  21  2:09  SCV  
  22  2:17  Refinery  
  22  2:21  SCV  
  23  2:33  SCV  
  24  2:42  Starport  
  24  2:44  Hellion x2  
  24  2:45  SCV  
  29  2:54  Orbital Command  
  29  2:58  SCV  
  29  3:06  Hellion x2  
  29  3:10  SCV  
  34  3:18  Liberator  
  39  3:28  Hellion x2  
  39  3:31  Supply Depot  
  42  3:34  SCV  
  42  3:35  SCV  
  42  3:37  Barracks Tech Lab  
  45  3:51  Hellion  
  45  3:52  SCV  
  45  3:54  Hellion  
  48  3:59  Refinery  
  48  4:00  Supply Depot  
  48  4:03  SCV  
  48  4:04  SCV  
  50  4:14  Raven  
  52  4:18  SCV  
  52  4:19  SCV  
  52  4:20  Factory Tech Lab  
  52  4:24  Marine x2, Supply Depot  
  54  4:31  SCV x2  
  54  4:42  Marine  
  54  4:43  SCV x2  
  54  4:48  Raven  
  54  4:50  Cyclone  
  54  4:51  Marine  
  54  4:55  SCV x2  
  50  5:05  Command Center  
  45  5:07  SCV x2  
  45  5:08  Marine  
  45  5:12  Marine  
  47  5:19  SCV  
  46  5:22  Siege Tank  
  46  5:25  SCV  
  46  5:27  Marine  
  49  5:30  Marine  
  49  5:31  SCV  
  51  5:36  Raven  
  51  5:38  SCV  
  54  5:45  Marine  
  54  5:47  SCV  
  54  5:48  Marine  
  57  5:51  SCV  
  57  5:52  Refinery  
  57  5:54  Supply Depot  
  58  5:57  Siege Tank  
  58  5:59  SCV  
  58  6:03  SCV  
  63  6:06  Supply Depot  
  63  6:13  SCV  
  63  6:16  SCV, Factory x2  
  63  6:17  Barracks Reactor  
  65  6:19  Viking  
  65  6:24  Viking  
  65  6:25  SCV  
  70  6:29  SCV  
  70  6:30  Siege Tank  
  74  6:37  SCV  
  75  6:41  Orbital Command, SCV  
  76  6:47  Engineering Bay  
  76  6:49  SCV  
  76  6:50  Viking  
  76  6:53  SCV  
  80  6:54  Viking  
  82  7:01  SCV  
  82  7:02  Siege Tank  
  82  7:05  SCV, Siege Tank  
  82  7:07  SCV  
  82  7:08  Refinery  
  91  7:09  Refinery  
  91  7:13  SCV  
  91  7:15  Supply Depot  
  92  7:20  Hellion, Viking  
  92  7:22  SCV  
  97  7:23  SCV  
  97  7:24  Viking  
  97  7:28  Supply Depot  
  100  7:32  SCV  
  100  7:33  Missile Turret  
  100  7:36  Missile Turret, Siege Tank  
  105  7:37  SCV  
  105  7:40  Supply Depot  
  105  7:45  SCV  
  105  7:47  SCV, Supply Depot  
  105  7:49  SCV  
  105  7:50  Sensor Tower  
  108  7:54  Viking  
  108  7:56  Viking  
  108  7:57  SCV  
  113  8:01  Supply Depot  
  113  8:03  Siege Tank  
  113  8:04  SCV  
  117  8:07  Hellion  
  117  8:08  SCV  
  117  8:09  SCV  
  121  8:13  Siege Tank  
  121  8:18  Hellion, SCV  
  127  8:24  SCV x2, Viking  
  127  8:26  Viking  
  133  8:35  Armory, Siege Tank  
  133  8:36  Armory  
  136  8:43  Command Center  
  136  8:44  Hellion  
  136  8:45  SCV  
  138  8:58  Viking x2  
  138  9:02  SCV  
  141  9:05  Supply Depot  
  141  9:15  Missile Turret x2  
  141  9:16  SCV x2  
  141  9:17  Supply Depot  
  141  9:18  Hellion  
  141  9:20  Hellion  
  141  9:26  SCV, Missile Turret, Siege Tank x2  
  141  9:28  SCV  
  149  9:33  Supply Depot  
  149  9:38  Viking x2  
  149  9:40  Hellion  
  149  9:42  Hellion  
  154  9:58  Siege Tank x2  
  156  10:00  Orbital Command  
  156  10:01  Hellion  
  156  10:04  Hellion  
  156  10:08  Viking  
  156  10:11  SCV  
  156  10:12  Supply Depot  
  156  10:13  Supply Depot  
  159  10:22  Hellion  
  163  10:31  SCV  
  163  10:33  Factory  
  163  10:35  Factory  
Show
View Real Time Build Order
Export as new Build Order

Spirit Terran 

Build Orders:  

Get SALT Encoding   

  12  0:00  SCV  
  13  0:12  SCV  
  14  0:17  Supply Depot  
  14  0:24  SCV  
  15  0:38  SCV  
  15  0:39  Barracks  
  16  0:44  Refinery  
  16  0:50  SCV  
  16  0:52  Refinery  
  17  1:03  SCV  
  18  1:15  SCV  
  19  1:26  Reaper  
  19  1:27  Orbital Command  
  19  1:32  Supply Depot  
  20  1:45  Factory  
  20  1:53  SCV  
  21  1:58  Reaper  
  22  2:05  SCV  
  23  2:17  SCV  
  23  2:22  Command Center  
  24  2:29  Factory Tech Lab  
  24  2:31  SCV, Barracks Reactor  
  25  2:38  Supply Depot  
  25  2:43  SCV  
  26  2:52  Starport  
  26  2:55  SCV  
  26  2:57  Factory Tech Lab  
  27  3:07  SCV  
  27  3:09  Marine x2  
  30  3:16  Cyclone  
  30  3:19  SCV  
  34  3:29  Refinery  
  34  3:31  Marine x2  
  34  3:33  Banshee  
  39  3:34  Orbital Command  
  39  3:38  SCV  
  40  3:49  Marine x2  
  40  3:50  SCV  
  43  3:57  Siege Tank  
  43  4:02  SCV x2  
  48  4:05  Supply Depot  
  48  4:06  Marine  
  49  4:14  SCV x2  
  49  4:16  Raven  
  53  4:25  Command Center  
  53  4:29  Marine  
  53  4:30  Marine  
  55  4:35  Siege Tank  
  51  4:46  Supply Depot  
  51  4:47  Marine x2  
  46  5:03  Raven  
  46  5:05  Marine  
  46  5:06  SCV  
  48  5:10  Marine  
  49  5:15  SCV  
  50  5:23  SCV  
  50  5:28  SCV  
  50  5:33  Siege Tank  
  52  5:37  SCV  
  52  5:40  SCV  
  52  5:41  Orbital Command  
  52  5:47  Raven  
  52  5:49  Marine, SCV  
  56  5:52  SCV  
  58  6:01  SCV  
  59  6:04  SCV  
  59  6:11  Barracks, SCV  
  59  6:12  Barracks, Factory Reactor  
  59  6:14  SCV  
  59  6:16  SCV  
  59  6:18  Stimpack  
  62  6:21  Raven, Refinery  
  62  6:23  SCV, Marine  
  66  6:26  SCV  
  66  6:28  Orbital Command, SCV  
  68  6:35  Engineering Bay x2  
  68  6:38  SCV  
  69  6:40  SCV  
  69  6:41  Barracks  
  69  6:42  Marauder  
  69  6:43  Barracks  
  72  6:50  SCV  
  72  6:52  SCV  
  72  6:53  Supply Depot  
  74  6:55  Supply Depot  
  74  7:01  SCV  
  70  7:02  SCV  
  70  7:04  SCV  
  67  7:13  SCV  
  67  7:15  Starport Reactor  
  68  7:16  Terran Infantry Weapons Level 1, Terran Infantry Armor Level 1  
  68  7:17  Combat Shield  
  68  7:18  Marine  
  68  7:19  Marine  
  68  7:20  SCV  
  71  7:22  SCV  
  71  7:25  SCV  
  72  7:33  SCV, Factory Tech Lab  
  72  7:35  SCV, Marine  
  77  7:37  Marauder, Missile Turret  
  77  7:40  Supply Depot  
  77  7:43  Marine  
  79  7:45  SCV  
  79  7:46  Viking  
  79  7:47  Viking  
  79  7:49  SCV  
  84  7:53  Marine, Marauder  
  84  7:54  SCV  
  84  7:57  SCV  
  89  8:01  SCV  
  89  8:03  Marine, Concussive Shells, Marauder  
  93  8:06  SCV  
  93  8:09  SCV  
  93  8:11  Supply Depot  
  93  8:12  Supply Depot  
  95  8:13  SCV  
  95  8:16  Medivac  
  95  8:18  SCV, Medivac, Refinery  
  95  8:19  Refinery  
  101  8:21  SCV, Marine  
  101  8:22  Marauder  
  101  8:25  SCV, Barracks Reactor  
  101  8:26  Barracks Tech Lab  
  106  8:30  SCV  
  106  8:32  Marine  
  106  8:33  Marauder, SCV  
  111  8:34  Supply Depot  
  111  8:36  Supply Depot  
  111  8:37  SCV  
  112  8:43  Marauder  
  112  8:47  Marine  
  112  8:48  Marauder  
  119  8:50  Marine  
  119  8:53  Command Center  
  119  8:54  Marauder, Medivac x2  
  123  8:56  SCV  
  123  9:04  Marine  
  123  9:05  Marauder, Marine  
  123  9:06  Marine  
  123  9:08  Marine  
  123  9:09  Marauder  
  130  9:16  Marauder  
  117  9:32  Marine  
  117  9:35  Marine  
  117  9:39  Marine  
  117  9:41  Marine  
  117  9:42  Supply Depot  
  117  9:43  Supply Depot x2  
  117  9:45  Orbital Command  
  117  9:49  Marauder  
  117  9:54  Marine, Marauder  
  117  10:01  Marine  
  117  10:03  Marine x2  
  117  10:04  Marauder  
  105  10:10  Orbital Command, Marauder  
  105  10:11  Marine  
  104  10:16  Marauder  
  104  10:17  SCV x2  
  104  10:19  Marine  
  104  10:21  Marine x2  
  105  10:27  SCV  
  109  10:31  SCV  
  109  10:36  Factory  
  109  10:38  Barracks  
  109  10:39  Barracks  
  109  10:40  Barracks  
Tags
 
Add a new tag
Caveats
  • Supply blocks, unpowered buildings, or Contaminate may cause inaccurate times.
  • Supply counts are checked every 10 seconds.